 Dungeon Sprint DCSS version 0.30-a0-292-g0f741e3f8e (webtiles) character file.

Game seed: 9186436793697697086

25 Low2 the Twirler (level 3, -21/58 HPs)
             Began as an Ogre Gladiator on Oct 17, 2022.
             Demolished by a komodo dragon (23 damage)
             ... in the Dungeon (Sprint I: "Red Sonja").
             The game lasted 00:01:58 (154 turns).

Low2 the Twirler (Ogre Gladiator)                    Turns: 154, Time: 00:01:59

Health: -21/58     AC:  3    Str: 20    XL:     3   Next: 4%
Magic:  3/3        EV: 10    Int:  9    God:
Gold:   0          SH:  0    Dex: 10    Spells: 2/2 levels left

rFire   . . .      SeeInvis .    a - +0 quarterstaff
rCold   . . .      Faith    .    (shield currently unavailable)
rNeg    . . .      Spirit   .    b - +0 robe
rPois   .          Reflect  .    c - +0 hat
rElec   .          Harm     .    (no cloak)
rCorr   .          Rampage  .    (gloves unavailable)
Will    .....      NoTele   +    (boots unavailable)
Stlth   ..........               (no amulet)
HPRegen 0.29/turn                (no ring)
MPRegen 0.08/turn                (no ring)

@: berserking, very quick
A: large, unfitting armour, tough skin 1
a: no special abilities


You were in the Dungeon.
You visited 1 branch

Inventory:

Hand Weapons
 a - a +0 quarterstaff (weapon)
Armour
 b - a +0 robe (worn)
 c - a +0 hat (worn)
Wands
 d - a wand of polymorph (2)
Potions
 h - a potion of haste
 i - 2 potions of magic


   Skills:
 + Level 3.8 Fighting
 + Level 4.4 Staves
 + Level 2.8 Throwing
 + Level 4.0 Dodging
 + Level 0.5 Stealth
 + Level 0.4 Unarmed Combat


You had 2 spell levels left.
You didn't know any spells.
Your spell library was empty.

Dungeon Overview and Level Annotations

Branches:
Dungeon (1/1)

Altars:


Innate Abilities, Weirdness & Mutations

You are too large for most types of armour.
You have tough skin. (AC +1)


Message History

The ogre barely misses you.
Throw: throwing net
Press: ? - help, Q - select action, (/) - cycle Shift-Dir - straight line, p - ogre
Okay, then.
You barely miss the ogre.
The ogre hits you with a +0 giant club!!
Ouch! That really hurt!
You thump the ogre!
The ogre is heavily wounded.
Throw: throwing net
Press: ? - help, Q - select action, (/) - cycle Shift-Dir - straight line, f/p - ogre
Aim: an ogre, wielding a +0 giant club (heavily wounded, 73% to hit)
Okay, then.
Blink to where?
Press: ? - help, Dir - move target, p - ogre
As you read the scroll of blinking, it crumbles to dust.
Throw: throwing net
Press: ? - help, Q - select action, (/) - cycle Shift-Dir - straight line, f - ogre
Aim: an ogre, wielding a +0 giant club (heavily wounded, 73% to hit)
You throw a throwing net.
The throwing net barely misses the ogre.
Unknown command.
Aiming: Polymorph
Press: ? - help, Shift-Dir - straight line, f/p - ogre
Aim: an ogre, wielding a +0 giant club (heavily wounded, will become a sky beast, a komodo dragon, or a water moccasin, chance to affect: 49%)
The ogre evaporates and reforms as a komodo dragon!
The komodo dragon barely misses you.
A red film seems to cover your vision as you go berserk!
You feel yourself moving faster!
You feel mighty! The komodo dragon bites you!
* * * LOW HITPOINT WARNING * * *
You hit the komodo dragon but do no damage.
The komodo dragon is moderately wounded.
You barely miss the komodo dragon.
The komodo dragon is moderately wounded.
The komodo dragon bites you.
* * * LOW HITPOINT WARNING * * *
You sock the komodo dragon!
The komodo dragon is severely wounded.
The komodo dragon bites you!!
You die...

##########
#<.#..'.(#
#).')(#..+
#.l#### +#
#.@# #..#
#..# #⌠⌠#
####


You could see a komodo dragon.

Vanquished Creatures
  Ijyb (D)
1 creature vanquished.

Notes
Turn   | Place    | Note
-------+----------+-------------------------------------------
     0 | D        | Low2 the Ogre Gladiator began the quest for the Orb.
     0 | D        | Reached XP level 1. HP: 22/22 MP: 1/1
     2 | D        | Noticed Ijyb
    48 | D        | Killed Ijyb
    49 | D        | Reached XP level 2. HP: 17/32 MP: 2/2
    49 | D        | Reached XP level 3. HP: 21/39 MP: 3/3
   142 | D        | Noticed an ogre
   148 | D        | an ogre changed into a komodo dragon
   148 | D        | Noticed a komodo dragon
   153 | D        | HP: 1/58 [komodo dragon (6)]
   154 | D        | Demolished by a komodo dragon

Illustrated notes

Levels and vault maps discovered:
D:        dungeon_sprint_1 [red_sonja_temple_1, red_sonja_temple_small_1]

Skill      XL: |  1 |
---------------+----+-----
Fighting       | 3 |  3.8
Staves         | 4 |  4.4
Dodging        | 4 |  4.0
Throwing       | |  2.8
Stealth        | |  0.5
Unarmed Combat | |  0.4

Action                   || total
-------------------------++-------
Melee: Unarmed           ||     9
       Quarterstaff      ||    12
Throw: Throwing net      ||     4
       Large rock        ||     1
Evoke: Wand              ||     1
  Use: Potion            ||     3
       Scroll            ||     1
 Stab: Held in net/web   ||     1
Armor: Robe              ||     1
Dodge: Dodged            ||     5

Table legend: (Time is in decaauts)
 A = Elapsed time spent in this place.
 B = Non-inter-level travel time spent in this place.
 C = Inter-level travel time spent in this place.
 D = Time resting spent in this place.
 E = Time spent auto-exploring this place.
 F = Levels seen in this place.
 G = Mean time per level.
                   A        B        C        D        E       F      G
               +--------+--------+--------+--------+--------+-----+--------+
         Total |    148 |    148 |      0 |     69 |      0 |   1 |  148.0 |
       Dungeon |    148 |    148 |      0 |     69 |      0 |   1 |  148.0 |
               +--------+--------+--------+--------+--------+-----+--------+

Top non-repeatable levels by time:
       D: 148 daAuts
